 Dungeon Crawl Stone Soup version 0.29-a0-322-g68df515428 (webtiles) character file.

Game seed: 9529997703513394001

4417 kae the Conjurer (level 10, 0/58 HPs)
             Began as a Tengu Fire Elementalist on Apr 7, 2022.
             Was a Believer of Sif Muna.
             Killed from afar by a gargoyle (16 damage)
             ... with a stone arrow
             ... in a bailey.
             The game lasted 00:07:57 (12015 turns).

kae the Conjurer (Tengu Fire Elementalist)         Turns: 12015, Time: 00:07:58

Health: 0/58       AC:  9    Str: 13    XL:     10   Next: 36%
Magic:  10/18      EV: 13    Int: 16    God:    Sif Muna [**....]
Gold:   655        SH:  0    Dex: 15    Spells: 6/19 levels left

rFire   + + +      SeeInvis .   q - +2 dagger (venom)
rCold   x . .      Faith    .   (no shield)
rNeg    + + +      Spirit   .   C - +2 scale mail of the Distant Future {rElec rF+ rN+++ Int-3}
rPois   .          Reflect  .   (helmet restricted)
rElec   +          Harm     .   (no cloak)
rCorr   .          Rampage  .   (no gloves)
Will    .....                   (boots unavailable)
Stlth   +.........              k - amulet of the acrobat
HPRegen 0.19/turn               h - ring of protection from fire
MPRegen 0.16/turn               r - ring of Plog {Fire Str+4}

@: flying quickly and evasively, quick
A: beak, talons 3, nimble flight
a: Renounce Religion, Channel Magic


You were in a bailey.
You worshipped Sif Muna.
Sif Muna was pleased with you.
You visited 2 branches of the dungeon, and saw 10 of its levels.
You also visited: Ossuary and Bailey.

You collected 737 gold pieces.
You spent 82 gold pieces at shops.

Inventory:

Hand Weapons
 f - a +1 whip of freezing
 q - a +2 dagger of venom (weapon)
Armour
 a - a +1 robe
 C - the +2 scale mail of the Distant Future (worn) {rElec rF+ rN+++ Int-3}
   (You found it on level 6 of the Dungeon)

   Int:       It affects your intelligence (-3).
   rF:        It protects you from fire.
   rElec:     It insulates you from electricity.
   rN:        It renders you almost immune to negative energy.
Magical Staves
 p - a staff of cold
Jewellery
 h - a ring of protection from fire (left hand)
 k - an amulet of the acrobat (around neck)
 r - the ring of Plog (right hand) {Fire Str+4}
   (You found it on level 3 of the Dungeon)

   [ring of fire]

   It enhances your fire magic.
   Str:       It affects your strength (+4).
   rF:        It protects you from fire.
   rC:        It makes you vulnerable to cold.
 H - a ring of poison resistance
Wands
 n - a wand of polymorph (20)
 x - a wand of digging (6)
 y - a wand of flame (34)
 E - a wand of paralysis (5)
 F - a wand of acid (13)
 G - a wand of iceblast (8)
Scrolls
 i - 3 scrolls of teleportation
 u - 5 scrolls of enchant weapon
 v - a scroll of blinking
 z - 2 scrolls of amnesia
 D - a scroll of silence
 K - a scroll of magic mapping
Potions
 b - 2 potions of magic
 c - 6 potions of attraction
 d - 4 potions of curing
 e - 2 potions of degeneration
 g - 2 potions of cancellation
 j - 2 potions of heal wounds
 l - 2 potions of might
 m - 2 potions of mutation
 o - a potion of flight
 s - a potion of resistance {unknown}
 t - a potion of lignification {unknown}
 w - a potion of brilliance
 A - 2 potions of haste
 B - a potion of invisibility {unknown}
 I - a potion of ambrosia {unknown}


   Skills:
 + Level 4.8 Fighting
 + Level 5.1 Staves
 + Level 5.3 Armour
 + Level 5.9 Dodging
 - Level 2.0 Stealth
 + Level 5.0 Spellcasting
 + Level 6.6 Conjurations
 + Level 6.4 Fire Magic
 + Level 3.7 Invocations
 + Level 4.6 Evocations


You had 6 spell levels left.
You knew the following spells:

 Your Spells              Type           Power      Damage    Failure   Level
a - Foxfire               Conj/Fire      100%       2x1d9     4%          1
b - Scorch                Fire           74%        2d8       7%          2
c - Conjure Flame         Conj/Fire      37%        6-21      13%         3
d - Inner Flame           Hex/Fire       21%        N/A       45%         3
e - Flame Wave            Conj/Fire      37%        2d9       38%         4

Your spell library contained the following spells:

 Spells                   Type           Power      Damage    Failure   Level
 Static Discharge         Conj/Air       14%        N/A       24%         2
 Dazzling Flash           Conj/Hex       28%        N/A       43%         3
 Stone Arrow              Conj/Erth      28%        3d8       43%         3
 Sandblast                Erth           8%         2d5       52%         1
 Mephitic Cloud           Conj/Pois/Air  11%        N/A       58%         3
 Ignite Poison            Fire/Tmut/Pois 16%        N/A       61%         3
 Ensorcelled Hibernation  Hex/Ice        8%         N/A       67%         2
 Passwall                 Tmut/Erth      3%         N/A       67%         2
 Spider Form              Tmut/Pois      4%         N/A       88%         3
 Summon Guardian Golem    Hex/Summ       4%         N/A       88%         3
 Anguish                  Hex/Necr       2%         N/A       99%         4
 Lightning Bolt           Conj/Air       7%         1d19      99%         5
 Agony                    Necr           4%         N/A       100%        5
 Freezing Cloud           Conj/Ice/Air   5%         6-21      100%        5
 Silence                  Hex/Air        2%         N/A       100%        5
 Summon Cactus Giant      Summ           2%         N/A       100%        6
 Orb of Destruction       Conj           12%        9d7       100%        7
 Spellforged Servitor     Conj/Summ      7%         N/A       100%        7
 Maxwell's Capacitive Co  Air            2%         ∞         100%        8


Dungeon Overview and Level Annotations

Branches:
Dungeon (9/15)             Temple (1/1) D:5         Ossuary (visited)
 Bailey (1/1)
   Lair: D:8-11         Orc: D:9-12

Altars:
Ashenzari
Cheibriados
Dithmenos
Elyvilon
Gozag
Hepliaklqana
Makhleb
Nemelex Xobeh
Okawaru
Ru
Sif Muna
Trog
Uskayaw
Vehumet
Wu Jian
Xom
Yredelemnul
Zin
The Shining One

Shops:
D:8 ?


Innate Abilities, Weirdness & Mutations

You have a beak for a mouth.
You have claws for feet.
Your magical nature lets you fly swiftly and evasively.


Message History

You feel a surge of power!
Flames lash the orc zombie.
You destroy the orc zombie!
Sif Muna accepts your kill.
Casting: Scorch (safe; 7% risk of failure)
Confirm with . or Enter, or press ? or * to list all spells.
You can't see any susceptible monsters within range! (Use Z to cast anyway.)
Casting: Scorch (safe; 7% risk of failure)
Confirm with . or Enter, or press ? or * to list all spells.
You can't see any susceptible monsters within range! (Use Z to cast anyway.)
A gargoyle comes into view. It is wielding a +0 mace.
A gargoyle is nearby!
A gargoyle is nearby!
A gargoyle is nearby!
The gargoyle hits you with a +0 mace.
You see here a +0 spear.
You barely miss the gargoyle.
You claw the gargoyle, but do no damage.
The gargoyle hits you with a +0 mace!
Casting: Scorch (safe; 7% risk of failure)
Confirm with . or Enter, or press ? or * to list all spells.
You feel a surge of power!
Flames lash the gargoyle.
The gargoyle is heavily damaged.
The gargoyle's fire resistance burns away.
The gargoyle hurls a stone arrow at you.
The stone arrow hits you!! The gargoyle barely misses you.
Casting: Scorch (safe; 7% risk of failure)
Confirm with . or Enter, or press ? or * to list all spells.
You feel a surge of power!
Flames lash the gargoyle but do no damage.
The gargoyle hits you with a +0 mace.
* * * LOW HITPOINT WARNING * * *
The gargoyle closely misses you.
Casting: Scorch (safe; 7% risk of failure)
Confirm with . or Enter, or press ? or * to list all spells.
You feel a surge of power!
Flames lash the gargoyle but do no damage.
The gargoyle hurls a stone arrow at you.
The stone arrow hits you!
You die...

## #8 ##. ##..
#######
++##...##....8#
......9#......#+####
.......@......#....#
######..).#...#....#
##..##...'....#
####..).'....#
#...####....#
.....#..#....#
......#..#)##+#
..♣...#....#
......#..).#


You could see a gargoyle (combustible).

Vanquished Creatures
  A two-headed ogre (D:8)
  Grinder (D:5)
  An acid dragon (D:8)
  2 black bears
  An orc warrior (D:6)
  5 sky beasts
  An ice beast (D:6)
  5 centaurs
  A phantom (D:5)
  2 kobold brigands
  4 bullfrogs
  3 scorpions
  8 vampire bats (Bailey)
  4 wolf zombies (Bailey)
  An electric eel (D:7)
  A howler monkey (D:5)
  4 hounds
  4 jellies
  3 orc priests (D:6)
  A gnoll shaman (D:5)
  4 iguanas
  Jessica (D:2)
  5 orc wizards
  9 mummies
  17 gnolls
  7 adders
  2 shadow imps (D:5)
  A white imp (D:5)
  An ufetubus (D:5)
  2 dart slugs
  21 orcs
  4 ball pythons
  6 endoplasms
  3 giant cockroaches
  3 gnoll zombies (Ossuary)
  8 goblins
  6 hobgoblins
  11 jackals
  3 quokkas
  5 bats
  3 frilled lizards (D:3)
  2 hobgoblin zombies (Ossuary)
  19 kobolds
  A kobold zombie (Ossuary)
  15 orc zombies
  2 rats (D:1)
214 creatures vanquished.

Vanquished Creatures (others)
  568 foxfires
568 creatures vanquished.

Grand Total: 782 creatures vanquished

Notes
Turn   | Place    | Note
-------+----------+-------------------------------------------
     0 | D:1      | kae the Tengu Fire Elementalist began the quest for the
                  | Orb.
     0 | D:1      | Reached XP level 1. HP: 10/10 MP: 4/4
   189 | D:1      | Reached XP level 2. HP: 10/16 MP: 0/6
   687 | D:1      | Reached XP level 3. HP: 20/20 MP: 5/7
   694 | D:1      | Learned a level 2 spell: Scorch
   698 | D:1      | Learned a level 3 spell: Conjure Flame
   766 | D:1      | Reached skill level 1 in Armour
  1003 | D:1      | Found a faded altar of an unknown god.
  1106 | D:2      | Noticed Jessica
  1111 | D:2      | Killed Jessica
  1112 | D:2      | Reached skill level 1 in Fighting
  1112 | D:2      | Reached XP level 4. HP: 25/25 MP: 4/8
  2064 | D:3      | Gained mutation: Your magical nature lets you fly swiftly
                  | and evasively. [Tengu growth]
  2064 | D:3      | Reached XP level 5. HP: 29/29 MP: 4/9
  2569 | D:3      | Identified the ring of Plog {Fire Str+4}
  3196 | D:4      | Noticed a black bear
  3208 | D:3      | Reached skill level 1 in Staves
  3208 | D:3      | Reached XP level 6. HP: 17/35 MP: 4/11
  3332 | D:4      | Found a sand-covered staircase.
  3344 | Ossuary  | Entered an ossuary
  3594 | Ossuary  | Reached skill level 1 in Evocations
  4397 | D:4      | Killed a black bear
  4398 | D:4      | Reached XP level 7. HP: 40/40 MP: 3/12
  4796 | D:5      | Entered Level 5 of the Dungeon
  4796 | D:5      | Found a staircase to the Ecumenical Temple.
  4813 | Temple   | Entered the Ecumenical Temple
  5140 | Temple   | Became a worshipper of Sif Muna the Loreminder
  5239 | D:5      | Noticed Grinder
  5249 | D:5      | Killed Grinder
  5520 | D:5      | Reached XP level 8. HP: 45/45 MP: 7/14
  5620 | D:5      | Reached skill level 1 in Invocations
  6395 | D:5      | Reached skill level 5 in Fire Magic
  6869 | D:6      | Learned a level 3 spell: Inner Flame
  6874 | D:6      | Learned a level 4 spell: Flame Wave
  6932 | D:6      | Noticed a +0 dagger
  6932 | D:6      | Noticed a +0 hand axe
  6934 | D:6      | Found a hide-covered altar of Uskayaw.
  6943 | D:6      | Reached skill level 5 in Conjurations
  7169 | D:6      | Reached * piety under Sif Muna
  7170 | D:6      | Reached XP level 9. HP: 49/51 MP: 7/16
  7590 | D:6      | Identified the +2 scale mail of the Distant Future {rElec
                  | rF+ rN+++ Int-3}
  8252 | D:6      | Reached skill level 5 in Dodging
 10563 | D:8      | Found Reolulon's Magic Scroll Boutique.
 10563 | D:8      | Noticed a two-headed ogre
 10583 | D:8      | Killed a two-headed ogre
 10584 | D:8      | Reached skill level 5 in Armour
 10584 | D:8      | Reached XP level 10. HP: 42/58 MP: 1/18
 10705 | D:8      | Bought a scroll of identify for 22 gold pieces
 10705 | D:8      | Bought a scroll of identify for 22 gold pieces
 10705 | D:8      | Bought a scroll of magic mapping for 38 gold pieces
 11244 | D:9      | Found a flagged portal.
 11298 | Bailey   | Entered a bailey
 11355 | Bailey   | Reached ** piety under Sif Muna
 11814 | Bailey   | Reached skill level 5 in Staves
 11829 | Bailey   | Reached skill level 5 in Spellcasting
 12008 | Bailey   | Noticed a gargoyle
 12015 | Bailey   | Killed from afar by a gargoyle

Illustrated notes

Levels and vault maps discovered:
D:1:      minmay_arrival_loop, layout_rooms,
          hellmonk_ecumenical_altar_prayer_group
D:2:      layout_loops_ring, uniq_jessica
D:3:      layout_basic
D:4:      layout_rooms, gup_ossuary_entry_pyramid, serial_curves,
          eino_curves_02, eino_curves_03, patterned_corridor
D:5:      layout_gridville, temple_fountains, uniq_grinder
D:6:      minmay_spotlight, layout_basic, dancing_weapons_uskayaw,
          serial_co_window_serial, co_window_paths_a, co_window_paths_a,
          co_window_paths_a, co_window_paths_b, co_window_paths_b,
          co_window_corner_b, co_window_broadway_a, co_window_of_opportunity_b,
          co_window_broadway_c, co_window_broadway_b, co_window_unsneaky_path_c,
          co_window_4corner_a, co_window_paths_d, glass_columns_c,
          glass_columns_a, glass_columns_c, glass_columns_b, glass_columns_a
D:7:      layout_rooms, nicolae_lava_and_water
D:8:      layout_loops_ring, serial_shops, nicolae_shop_crystal, st_stairs_12,
          solitary_fountain
D:9:      layout_irregular_city, enter_bailey_3, serial_shops, shop,
          grunt_decor_fettered, serial_park_tiny_2
Temple:   eino_narrow_crystal_temple
Bailey:   bailey_polearm_vampire_castle_hellmonk, bailey

Skill      XL: |  1  2  3  4  5  6  7  8  9 10 |
---------------+-------------------------------+-----
Conjurations   | 2 3 4 5 6 |  6.6
Armour         | 1 2 3 4 5 |  5.3
Fighting       | 1 2 3 4 |  4.8
Dodging        | 3 4 5 |  5.9
Fire Magic     | 4 5 6 |  6.4
Staves         | 1 2 3 4 5 |  5.1
Spellcasting   | 3 4 5 |  5.0
Evocations     | 1 2 3 4 |  4.6
Invocations    | 2 3 |  3.7
Stealth        | |  2.0

Action                   |  1- 3 |  4- 6 |  7- 9 | 10-12 || total
-------------------------+-------+-------+-------+-------++-------
Melee: Unarmed           |     7 |       |       |       ||     7
       Kick              |     3 |     8 |    14 |    22 ||    47
       Peck              |     2 |     6 |     6 |     9 ||    23
       Whip              |       |    11 |       |       ||    11
       Dagger            |       |    12 |    49 |    53 ||   114
       Punch             |       |       |     2 |       ||     2
 Cast: Foxfire           |    49 |   118 |   128 |    33 ||   328
       Scorch            |       |    21 |    73 |    29 ||   123
       Conjure Flame     |       |     1 |     2 |     2 ||     5
  Use: Scroll            |     2 |    15 |     6 |     2 ||    25
       Potion            |       |       |       |     2 ||     2
 Stab: Sleeping          |       |     1 |     1 |       ||     2
Armor: Robe              |     2 |     3 |     5 |       ||    10
       Scale mail        |       |       |    38 |    67 ||   105
Dodge: Dodged            |    18 |    28 |   147 |   125 ||   318

Table legend: (Time is in decaauts)
 A = Elapsed time spent in this place.
 B = Non-inter-level travel time spent in this place.
 C = Inter-level travel time spent in this place.
 D = Time resting spent in this place.
 E = Time spent auto-exploring this place.
 F = Levels seen in this place.
 G = Mean time per level.
                   A        B        C        D        E       F      G
               +--------+--------+--------+--------+--------+-----+--------+
         Total |  11607 |  11321 |    286 |   1268 |   8228 |  12 |  967.2 |
       Dungeon |   9842 |   9594 |    248 |   1071 |   7009 |   9 | 1093.6 |
        Temple |    320 |    283 |     37 |      0 |    271 |   1 |  320.0 |
       Ossuary |    734 |    734 |      0 |    124 |    471 |   1 |  734.0 |
        Bailey |    710 |    710 |      0 |     73 |    475 |   1 |  710.0 |
               +--------+--------+--------+--------+--------+-----+--------+

Top non-repeatable levels by time:
     D:6: 2127 daAuts
     D:5: 1417 daAuts
     D:8: 1268 daAuts
     D:3: 1118 daAuts
     D:1: 1062 daAuts
     D:2: 953 daAuts
     D:7: 946 daAuts
     D:4: 821 daAuts
 Ossuary: 734 daAuts
  Bailey: 710 daAuts
  Temple: 320 daAuts
     D:9: 125 daAuts
